 Dungeon Crawl Stone Soup version 0.28-a0-1524-ge72afd5fc6 (webtiles) character file.

Game seed: 11087003400880552656

23137 knot the Severer (level 12, -3/80 (81) HPs)
             Began as a Demonspawn Berserker on Jan 18, 2022.
             Was an Elder of Trog.
             Slain by a wolf spider (14 damage)
             ... on level 2 of the Lair of Beasts.
             The game lasted 00:39:59 (16855 turns).

knot the Severer (Demonspawn Berserker)            Turns: 16855, Time: 00:40:00

HP:   -3/80 (81)    AC: 14    Str: 17    XL:     12   Next: 69%
MP:   12/12         EV: 16    Int: 14    God:    Trog [****..]
Gold: 890           SH:  0    Dex: 13    Spells: 11/11 levels left

rFire   + . .      SeeInvis .   L - +8 frozen axe "Frostbite" {freezing cloud, *Noise Fly rC+}
rCold   + + .      Faith    .   (shield currently unavailable)
rNeg    . . .      Spirit   .   w - +1 ring mail of Lust {rPois Regen+}
rPois   +          Reflect  .   R - +2 helmet
rElec   .          Harm     .   (no cloak)
rCorr   .          Rampage  .   g - +2 pair of gloves of Sloth {rC+}
Will    .....                   e - +1 pair of boots
Stlth   +.........              O - amulet of regeneration
HPRegen 1.83/turn               J - +4 ring of evasion
MPRegen 0.13/turn               t - ring of protection from fire

@: about to teleport, flying, lightly drained
A: powered by death 1, sturdy frame 2, weakness stinger 2
a: Renounce Religion, Berserk, Trog's Hand, Brothers in Arms


You were on level 2 of the Lair of Beasts.
You worshipped Trog.
Trog was greatly pleased with you.
You visited 2 branches of the dungeon, and saw 13 of its levels.
You also visited: Sewer and Ossuary.

You collected 890 gold pieces.

Inventory:

Hand Weapons
 n - a +0 whip of electrocution
 v - a +1 war axe
 L - the +8 frozen axe "Frostbite" (weapon) {freezing cloud, *Noise Fly rC+}
   (You acquired it on level 8 of the Dungeon)

   It freezes those it strikes, dealing additional cold damage.
   It can also slow down cold-blooded creatures.
   It occasionally leaves clouds of freezing vapour upon striking a foe.
   It grants immunity to clouds of freezing vapour.
   rC:        It protects you from cold.
   Fly:       It grants you flight.
   *Noise:    It may make noises in combat.
 P - a +0 vampiric battleaxe
Missiles
 i - 688 stones (quivered)
 j - 59 sling bullets
 x - 5 curare-tipped darts
 y - 32 poisoned darts
 F - 3 javelins
Armour
 e - a +1 pair of boots (worn)
 g - the +2 pair of gloves of Sloth (worn) {rC+}
   (You acquired it on level 8 of the Dungeon)

   rC:        It protects you from cold.
 k - a +0 chain mail of fire resistance
 q - +2 steam dragon scales
 w - the +1 ring mail of Lust (worn) {rPois Regen+}
   (You found it on level 5 of the Dungeon)

   rPois:     It protects you from poison.
   Regen:     It increases your rate of health regeneration.
 R - a +2 helmet (worn)
Jewellery
 a - a ring of resist corrosion
 b - a ring of positive energy
 t - a ring of protection from fire (right hand)
 J - a +4 ring of evasion (left hand)
 K - a ring of see invisible
 N - a +6 ring of strength
 O - an amulet of regeneration (around neck)
Wands
 d - a wand of digging (4)
 s - a wand of iceblast (10)
 u - a wand of polymorph (11)
 D - a wand of paralysis (6)
 M - a wand of mindburst (5)
 Q - a wand of flame (10)
Scrolls
 h - 2 scrolls of teleportation
 o - 3 scrolls of amnesia
 C - a scroll of enchant weapon
 G - a scroll of magic mapping
 I - a scroll of blinking
 S - a scroll of identify
 T - a scroll of summoning
 U - 4 scrolls of enchant armour
Potions
 c - 3 potions of might
 f - 7 potions of curing
 l - 4 potions of invisibility
 m - 2 potions of magic
 p - 3 potions of degeneration
 z - 3 potions of heal wounds
 A - 7 potions of mutation
 B - a potion of haste
 E - 3 potions of flight
 H - 3 potions of resistance


   Skills:
 - Level 3.0 Fighting
 + Level 15.6 Axes
 - Level 12.2 Throwing
 - Level 1.7 Armour
 - Level 1.7 Dodging


You had 11 spell levels left.
You didn't know any spells.
Your spell library contained the following spells:

 Spells                   Type           Power      Damage    Failure   Level
 Apportation              Tloc           0%         N/A       32%         1
 Tukima's Dance           Hex            0%         N/A       67%         3
 Anguish                  Hex/Necr       0%         N/A       97%         4
 Passage of Golubria      Tloc           0%         N/A       97%         4
 Alistair's Intoxication  Tmut/Pois      0%         N/A       100%        5
 Yara's Violent Unravell  Hex/Tmut       0%         3d3       100%        5
 Enfeeble                 Hex            0%         N/A       100%        7


Dungeon Overview and Level Annotations

Branches:
Dungeon (11/15)            Temple (0/1) D:6            Lair (2/6) D:11
  Swamp (0/4) Lair:2        Sewer (visited)         Ossuary (visited)
  Snake: Lair:2-4    Spider: Lair:2-4       Orc: D:9-12

Altars:
Ashenzari
Hepliaklqana
Kikubaaqudgha
Nemelex Xobeh
Okawaru
Ru
Sif Muna
Trog
Uskayaw
Vehumet
The Shining One

Shops:
D:3 [


Innate Abilities, Weirdness & Mutations

You regenerate a little health from kills.
Your movements are less encumbered by armour. (ER -4)
You have a tail ending in a sharp stinger.


Message History

You kill the black mamba!
Trog accepts your kill.
You slash the wolf spider! You freeze the wolf spider.
The wolf spider is moderately wounded.
You miss the jumping spider. The jumping spider pounces on you!
The jumping spider barely misses you. The wolf spider hits you.
The wolf spider bites you!
Unknown command.
You hit the wolf spider. You freeze the wolf spider.
You tail-slap the wolf spider.
The wolf spider is heavily wounded.
You barely miss the jumping spider. The wolf spider closely misses you.
The wolf spider bites you.
The jumping spider pounces on you but does no damage.
The jumping spider bites you but does no damage.
The wolf spider hits you but does no damage.
The wolf spider bites you! The jumping spider pounces on you.
The jumping spider completely misses you.
Unknown command.
As you read the scroll of teleportation, it crumbles to dust.
You feel strangely unstable.
The wolf spider hits you but does no damage.
The wolf spider bites you! The jumping spider pounces on you.
You are caught in a web!
The jumping spider bites you but does no damage.
The jumping spider leaps!
The wolf spider closely misses you. The wolf spider barely misses you.
The jumping spider pounces on you.
The jumping spider bites you but does no damage.
You struggle to detach yourself from the web.
The jumping spider leaps!
The wolf spider hits you.
* * * LOW HITPOINT WARNING * * *
The wolf spider bites you.
* * * LOW HITPOINT WARNING * * *
The jumping spider pounces on you but does no damage.
The jumping spider bites you but does no damage.
The web tears apart.
The wolf spider hits you!
* * * LOW HITPOINT WARNING * * *
The wolf spider bites you but does no damage.
The jumping spider leaps! x2; The wolf spider hits you!
You die...

....# ##.....................
....## #.....................
.....## ^ ##.................†..
#..##.# ^^ #.P............####..
####P.###^^^##...#......##.##.##.
........##.^.##..........#....##.
...##....##...................##.
...##.....#s...s○#............##.
...##.....+....s@....s...#....#..
...#......#....○†#......#.....#..
...........##.P..#.......#....#..
..†#.....................#....##.
###......................##...##.
.#.................?.....##.#.##.
.................................
.................................
.................................


You could see a wolf spider and 3 jumping spiders.

Vanquished Creatures
  A catoblepas (D:11)
  2 hydras
  3 two-headed ogres
  2 manticores
  2 cyclopes (D:11)
  A black mamba (Lair:2)
  2 gargoyles (D:11)
  A rime drake (Lair:2)
  4 cane toads (Lair:1)
  Maggie (Lair:1)
  2 komodo dragons
  3 trolls
  A meliai (shapeshifter) (D:11)
  Grinder (D:5)
  5 blink frogs (Lair:2)
  Sigmund (D:3)
  3 shadows
  A wyvern (D:9)
  A vampire (D:9)
  13 yaks
  A wraith (D:9)
  3 wargs (D:11)
  Menkaure (Ossuary)
  A vampire mosquito (D:11)
  An acid dragon (D:11)
  A water moccasin (Lair:1)
  2 sky beasts
  2 orc warriors (D:6)
  3 ogres
  15 wolves (Lair:1)
  8 centaurs
  4 bullfrogs
  3 kobold brigands
  2 scorpions
  A wyvern skeleton (D:7)
  2 water moccasin skeletons
  8 killer bees
  4 howler monkeys
  3 electric eels (Lair:2)
  2 lava snakes (Lair:2)
  4 centaur zombies
  A jelly (D:4)
  A bullfrog zombie (D:6)
  A centaur skeleton (D:5)
  A gnoll shaman (D:9)
  5 orc priests
  2 hounds
  Natasha (thrice) (D:2)
  6 hell rats (Lair:2)
  7 orc wizards
  4 iguanas
  A hound zombie (D:5)
  A spectral howler monkey (D:6)
  2 hound skeletons (D:4)
  3 mummies (Ossuary)
  6 gnolls
  13 adders
  6 river rats (Sewer)
  An adder skeleton (D:4)
  5 worms
  3 dart slugs
  24 orcs
  14 ball pythons
  5 bats
  3 endoplasms
  3 giant cockroaches
  5 goblins
  4 hobgoblins
  33 kobolds
  2 quokkas
  6 frilled lizards
  5 gnoll skeletons (Ossuary)
  5 gnoll zombies (Ossuary)
  4 goblin skeletons (Ossuary)
  4 goblin zombies (Ossuary)
  2 hobgoblin skeletons (Ossuary)
  5 hobgoblin zombies (Ossuary)
  4 kobold skeletons (Ossuary)
  2 kobold zombies (Ossuary)
  3 orc skeletons (Ossuary)
  An orc zombie (Ossuary)
  A quokka zombie (D:8)
  26 rats
  7 rat skeletons (Ossuary)
  8 rat zombies (Ossuary)
369 creatures vanquished.

Vanquished Creatures (collateral kills)
  Gastronok (D:11)
  The ghost of SirDiesAlot the Magician, a novice DjCj of Ashenzari (D:6)
  2 kobold demonologists (D:10)
  9 yaks (D:8)
  A sky beast (D:8)
  A kobold brigand (D:7)
  A bullfrog (D:8)
  A killer bee (D:11)
  A spectral centaur (D:6)
  2 centaur zombies
  An orc wizard (D:8)
  A centaur simulacrum (D:6)
  An orc (D:8)
  4 kobolds
  A quokka zombie (D:8)
28 creatures vanquished.

Vanquished Creatures (others)
  A killer bee (D:11)
  A spectral centaur (D:6)
  A kobold (D:7)
  8 fungi
  6 plants
17 creatures vanquished.

Grand Total: 414 creatures vanquished

Notes
Turn   | Place    | Note
-------+----------+-------------------------------------------
     0 | D:1      | knot the Demonspawn Berserker began the quest for the Orb.
     0 | D:1      | Reached XP level 1. HP: 18/18 MP: 1/1
    37 | D:1      | Reached skill level 3 in Axes
   340 | D:1      | Gained mutation: Your movements are slightly less
                  | encumbered by armour. (ER -2) [demonic ancestry]
   340 | D:1      | Reached XP level 2. HP: 23/24 MP: 2/2
   894 | D:1      | Found a faded altar of an unknown god.
  1291 | D:2      | Gained mutation: You have a small tail. [demonic ancestry]
  1291 | D:2      | Reached XP level 3. HP: 29/29 MP: 3/3
  1448 | D:2      | Reached skill level 4 in Axes
  1585 | D:2      | Noticed Natasha
  1593 | D:2      | Killed Natasha
  1594 | D:2      | Reached skill level 1 in Throwing
  1594 | D:2      | Reached XP level 4. HP: 35/35 MP: 4/4
  1803 | D:2      | Noticed Natasha
  1810 | D:2      | Killed Natasha
  1883 | D:2      | Noticed Natasha
  1893 | D:2      | Killed Natasha
  1893 | D:2      | Reached ** piety under Trog
  2435 | D:3      | Reached XP level 5. HP: 38/41 MP: 5/5
  2724 | D:3      | Noticed Sigmund
  2731 | D:3      | Killed Sigmund
  2732 | D:3      | Reached skill level 5 in Axes
  2732 | D:3      | Gained mutation: You have a tail ending in a sharp stinger.
                  | [demonic ancestry]
  2732 | D:3      | Reached XP level 6. HP: 47/47 MP: 6/6
  2784 | D:3      | Found Hasch's Armour Boutique.
  4003 | D:4      | Found a sparkling altar of Nemelex Xobeh.
  4003 | D:4      | Found a hazy altar of Hepliaklqana.
  4360 | D:4      | Reached XP level 7. HP: 26/52 MP: 7/7
  4805 | D:5      | Entered Level 5 of the Dungeon
  4811 | D:5      | Reached skill level 6 in Axes
  4821 | D:5      | Found a hide-covered altar of Uskayaw.
  5061 | D:5      | Reached skill level 5 in Throwing
  5255 | D:5      | Identified the +1 ring mail of Lust {rPois Regen+}
  5352 | D:5      | Noticed Grinder
  5355 | D:5      | Found an iron altar of Okawaru.
  5369 | D:5      | Killed Grinder
  5370 | D:5      | Reached skill level 7 in Axes
  5370 | D:5      | Reached XP level 8. HP: 58/58 MP: 8/8
  6166 | D:6      | Found a runed translucent gate.
  6166 | D:6      | Found a runed translucent gate.
  6166 | D:6      | Found a runed translucent gate.
  6166 | D:6      | Noticed SirDiesAlot's ghost (novice DjCj)
  6198 | D:6      | Found a glowing drain.
  6225 | Sewer    | Entered a sewer
  6407 | Sewer    | Reached *** piety under Trog
  7316 | D:6      | Reached skill level 8 in Axes
  7319 | D:6      | Reached **** piety under Trog
  7736 | D:6      | Reached XP level 9. HP: 63/63 MP: 9/9
  7828 | D:6      | Found a staircase to the Ecumenical Temple.
  8375 | D:6      | Killed SirDiesAlot's ghost
  8376 | D:6      | Reached skill level 9 in Axes
  8888 | D:7      | Found a shimmering blue altar of Sif Muna.
  9467 | D:8      | Found a sand-covered staircase.
  9478 | Ossuary  | Entered an ossuary
  9781 | Ossuary  | Reached ***** piety under Trog
  9794 | Ossuary  | Noticed Menkaure
  9801 | Ossuary  | Killed Menkaure
  9802 | Ossuary  | Reached skill level 10 in Axes
  9985 | D:8      | Identified a scroll of acquirement
  9985 | D:8      | Acquired the +2 pair of gloves of Sloth {rC+}
 10012 | D:8      | Reached XP level 10. HP: 70/70 MP: 10/10
 10151 | D:8      | Found a sacrificial altar of Ru.
 10151 | D:8      | Found an ancient bone altar of Kikubaaqudgha.
 10559 | D:8      | Acquired the +8 frozen axe "Frostbite" {freezing cloud,
                  | *Noise Fly rC+}
 10559 | D:8      | Found the +8 frozen axe "Frostbite" {freezing cloud, *Noise
                  | Fly rC+}
 10592 | D:8      | Noticed a two-headed ogre
 10599 | D:8      | Killed a two-headed ogre
 10600 | D:8      | Reached skill level 10 in Throwing
 10839 | D:9      | Identified the +2 leather armour of Coguen {rN+ Dex+2}
 10858 | D:9      | Reached skill level 11 in Axes
 11154 | D:9      | Found a broken altar of Ashenzari.
 11203 | D:9      | Noticed a moth of wrath
 11206 | D:9      | Found a bloodstained altar of Trog.
 11863 | D:10     | Entered Level 10 of the Dungeon
 11908 | D:10     | Gained mutation: You regenerate a little health from kills.
                  | [demonic ancestry]
 11908 | D:10     | Reached XP level 11. HP: 43/75 MP: 11/11
 12164 | D:10     | Found a radiant altar of Vehumet.
 12169 | D:10     | Noticed a two-headed ogre
 12180 | D:10     | Killed a two-headed ogre
 12260 | D:10     | Reached skill level 12 in Axes
 12738 | D:10     | Identified the +5 robe "Yxageyq" {Harm Drain rElec rPois}
 13872 | D:11     | Found a staircase to the Lair.
 13873 | D:11     | Noticed Gastronok
 13906 | D:11     | Killed Gastronok
 14142 | D:11     | Reached skill level 13 in Axes
 14170 | D:11     | Noticed a two-headed ogre
 14174 | D:11     | Killed a two-headed ogre
 14313 | D:11     | Noticed a catoblepas
 14574 | D:11     | Gained mutation: Your movements are less encumbered by
                  | armour. (ER -4) [demonic ancestry]
 14574 | D:11     | Reached XP level 12. HP: 71/81 MP: 12/12
 14791 | D:11     | Killed a catoblepas
 15023 | Lair:1   | Entered Level 1 of the Lair of Beasts
 15023 | Lair:1   | Noticed Maggie
 15031 | Lair:1   | Killed Maggie
 15252 | Lair:1   | Noticed a six-headed hydra
 15257 | Lair:1   | Killed a six-headed hydra
 15258 | Lair:1   | Reached skill level 14 in Axes
 16146 | Lair:2   | Found a staircase to the Swamp.
 16192 | Lair:2   | Reached skill level 15 in Axes
 16333 | Lair:2   | Noticed a seven-headed hydra
 16342 | Lair:2   | Killed a seven-headed hydra
 16855 | Lair:2   | Slain by a wolf spider

Illustrated notes

Levels and vault maps discovered:
D:1:      wheals_arrival_linesprint, layout_basic,
          dreamdust_ecumenical_altar_statues
D:2:      layout_loops_cross, kennysheep_boxes, uniq_natasha
D:3:      layout_loops_ring, serial_shops, nicolae_shop_behind_doors,
          uniq_sigmund
D:4:      layout_cave_pods, minitemple, serial_bayou_lagoon_a
D:5:      layout_layer_cave, old_standard_altar, mainiacjoe_overflow_paths,
          hangedman_abyss_or_decor_stabs, uniq_grinder
D:6:      layout_layer_cave, temple_doors_e, gammafunk_ghost_necromancy,
          gup_sewer_entry_glass, minmay_misc_feat_hallway
D:7:      layout_gridville, mainiacjoe_overflow_alcove_2, due_unseen_surprise
D:8:      layout_rooms, grunt_temple_overflow_open, enter_ossuary_4
D:9:      layout_long_grid, mainiacjoe_overflow_six_doors_small, tgw_trog,
          grunt_decor_arrowhead, minmay_chambers_of_fives
D:10:     layout_loops_ring, mainiacjoe_overflow_small_starburst
D:11:     minmay_clustersquares, layout_stronghold, erik_lair_orcish_takeover,
          minmay_misc_feat_encased, uniq_gastronok
Lair:1:   layout_cave_pods, uniq_maggie
Lair:2:   wander_river, layout_regular_city, swamp_mist_pool,
          spider_nest_entry_funnel_web, nicolae_lair_liquid_snakes

Skill      XL: |  1  2  3  4  5  6  7  8  9 10 11 12 |
---------------+-------------------------------------+-----
Axes           | 3 4 5 7 8 10 11 13 15 | 15.6
Throwing       | 1 2 3 4 5 7 9 10 12 | 12.2
Fighting       | |  3.0
Armour         | |  1.7
Dodging        | |  1.7

Action                   |  1- 3 |  4- 6 |  7- 9 | 10-12 || total
-------------------------+-------+-------+-------+-------++-------
Melee: Hand axe          |    80 |    16 |       |       ||    96
       Punch             |     1 |     2 |     7 |     1 ||    11
       Tailslap          |     4 |     9 |    44 |    28 ||    85
       War axe           |       |    81 |   387 |    47 ||   515
       Executioner's axe |       |       |       |   224 ||   224
Throw: Stone             |     2 |       |       |    14 ||    16
       Boomerang         |     9 |    41 |    43 |    79 ||   172
       Dart              |       |       |       |    21 ||    21
Invok: Berserk           |     4 |     4 |     8 |     8 ||    24
       Trog's Hand       |       |     3 |     2 |     1 ||     6
       Brothers in Arms  |       |       |     2 |     8 ||    10
Evoke: Wand              |       |       |    10 |    29 ||    39
  Use: Scroll            |       |       |    13 |    19 ||    32
       Potion            |       |       |     1 |     4 ||     5
 Stab: Sleeping          |       |       |     1 |       ||     1
       Distracted        |       |       |       |     1 ||     1
Armor: Animal skin       |    27 |       |       |       ||    27
       Leather armour    |     3 |    30 |    13 |       ||    46
       Ring mail         |       |       |   173 |   162 ||   335
Dodge: Dodged            |    69 |    71 |   219 |   252 ||   611

Table legend: (Time is in decaauts)
 A = Elapsed time spent in this place.
 B = Non-inter-level travel time spent in this place.
 C = Inter-level travel time spent in this place.
 D = Time resting spent in this place.
 E = Time spent auto-exploring this place.
 F = Levels seen in this place.
 G = Mean time per level.
                   A        B        C        D        E       F      G
               +--------+--------+--------+--------+--------+-----+--------+
         Total |  17232 |  16598 |    634 |   4269 |   9639 |  15 | 1148.8 |
       Dungeon |  14283 |  13687 |    596 |   4014 |   7778 |  11 | 1298.5 |
          Lair |   1617 |   1580 |     37 |     53 |   1267 |   2 |  808.5 |
         Sewer |    820 |    820 |      0 |     74 |    429 |   1 |  820.0 |
       Ossuary |    512 |    512 |      0 |    127 |    165 |   1 |  512.0 |
               +--------+--------+--------+--------+--------+-----+--------+

Top non-repeatable levels by time:
     D:4: 2175 daAuts
    D:11: 1752 daAuts
     D:6: 1582 daAuts
    D:10: 1554 daAuts
     D:1: 1175 daAuts
     D:9: 1150 daAuts
     D:5: 1140 daAuts
     D:2: 1073 daAuts
     D:7: 1030 daAuts
     D:8: 891 daAuts
  Lair:1: 888 daAuts
   Sewer: 820 daAuts
     D:3: 757 daAuts
  Lair:2: 729 daAuts
 Ossuary: 512 daAuts
